Panthers vs Blues

Created - Monday, December 07, 2015 at 02:41

Goals
1 2 3 T
Panthers 0 0 1 1
Blues 0 1 1 2
Shots
1 2 3 T
Panthers 5 5 12 22
Blues 4 9 11 24

1st period

No Goal

Penalties :
Anders Lee (StL) for Hooking (Minor) at 0:47, Robert Bortuzzo (Fla) for High sticking (Minor) at 9:36, Kris Letang (StL) for Hooking (Minor) at 11:16, Anders Lee (StL) for Interference (Minor) at 13:35

2nd period

1. Blues , Rick Nash 10 (Sean Couturier, Brandon Saad) at 0:58 (PP)

Penalties :
Simon Despres (Fla) for Interference (Minor) at 0:13, Josh Gorges (StL) for Holding (Minor) at 4:44

3rd period

2. Panthers , Robert Bortuzzo 3 (Kevin Hayes, Alexander Semin) at 9:42
3. Blues , Brandon Saad 8 (Rick Nash, Sean Couturier) at 18:03 (PP)

Penalties :
Simon Despres (Fla) for Roughing (Minor) at 2:52, Adam Larsson (Fla) for Interference (Minor) at 6:03, Zdeno Chara (StL) for High sticking (Minor) at 13:30, Simon Despres (Fla) for Holding (Minor) at 16:36

Goalie Stats

Kevin Poulin (Fla), 22 saves from 24 shots - (0.917), L, 2-19-0, 59:33 minutes
Henrik Lundqvist (StL), 21 saves from 22 shots - (0.955), W, 14-3-5, 60:00 minutes

Players Stats for Panthers

Player Name              G  A  P  +/- PIM S  H  SB GA TA FO     MP     PP MP  PK MP  
------------------------------------------------------------------------------------
Adam Larsson             0  0  0   0  2   0  0  0  0  1  0/0    15:28   0:00   0:00 
Alex Galchenyuk          0  0  0   0  0   1  0  1  3  0  0/0    13:28   0:00   0:00 
Alexander Semin          0  1  1   1  0   2  0  0  1  0  0/6    19:43   4:56   5:38 
Brad Boyes               0  0  0   0  0   5  1  0  1  1  0/1    15:11   4:20   0:00 
Calle Jarnkrok           0  0  0   0  0   0  0  0  0  0  2/3     8:07   0:00   0:00 
Calvin de Haan           0  0  0   0  0   0  0  0  0  0  0/0     0:00   0:00   0:00 
Carlo Colaiacovo         0  0  0   0  0   0  1  0  0  0  0/0    17:20   0:28   0:36 
Charlie Coyle            0  0  0   0  0   3  1  1  2  1  5/11   16:25   4:20   1:12 
Jakob Silfverberg        0  0  0   0  0   0  0  0  0  0  4/9    20:14   3:50   6:04 
Kevin Hayes              0  1  1   1  0   0  1  1  1  1  1/4    11:52   0:50   0:00 
Lubomir Visnovsky        0  0  0   1  0   0  2  0  0  2  0/0    22:26   4:43   5:07 
Nino Niederreiter        0  0  0   0  0   3  1  0  2  1  0/0    20:15   4:56   1:12 
Paul Byron               0  0  0   1  0   2  0  0  0  0  1/2    12:22   0:20   1:10 
Robert Bortuzzo          1  0  1   1  2   1  2  1  0  2  0/0    20:03   5:13   1:28 
Ron Hainsey              0  0  0   0  0   0  3  1  0  3  0/0    25:58   4:25   6:59 
Ryan Johansen            0  0  0   0  0   2  1  0  4  1  7/11   22:12   4:56   0:00 
Sean Bergenheim          0  0  0   0  0   0  0  0  0  0  0/0    10:09   0:00   0:24 
Simon Despres            0  0  0   0  6   3  6  2  0  1  0/0    20:33   4:43   1:30 

Players Stats for Blues

Player Name              G  A  P  +/- PIM S  H  SB GA TA FO     MP     PP MP  PK MP  
------------------------------------------------------------------------------------
Anders Lee               0  0  0   0  4   2  2  0  0  1  2/10   22:09   4:45   0:06 
Artem Anisimov           0  0  0  -1  0   2  1  0  0  0  3/4    18:07   2:02   4:38 
Brandon Saad             1  1  2   0  0   3  2  0  2  0  0/1    20:39   4:22   4:32 
Cam Atkinson             0  0  0  -1  0   2  0  0  0  1  0/2    16:29   4:13   0:00 
Hampus Lindholm          0  0  0   0  0   0  0  1  0  1  0/0    21:51   3:20   4:06 
Jeremy Morin             0  0  0   0  0   1  0  0  0  0  1/1     3:07   0:00   0:00 
Johan Franzen            0  0  0  -1  0   3  2  0  5  0  2/3    13:41   0:27   0:59 
Josh Gorges              0  0  0   0  2   0  1  4  0  3  0/0    20:52   0:00   3:31 
Kevan Miller             0  0  0   0  0   0  1  0  0  0  0/0     3:46   0:00   0:00 
Kris Letang              0  0  0   0  2   1  0  0  1  1  0/0    21:22   4:29   3:50 
Mark Fayne               0  0  0  -1  0   1  0  0  0  0  0/0    13:24   0:18   1:40 
Mark Stone               0  0  0   0  0   1  2  0  3  0  0/0    19:09   3:01   0:00 
Rick Nash                1  1  2   0  0   4  1  0  3  0  0/0    21:35   4:22   4:27 
Ryan Ellis               0  0  0  -1  0   0  0  1  0  0  0/0    15:13   0:00   3:18 
Scott Laughton           0  0  0   0  0   0  2  0  2  0  0/0     5:37   0:00   0:00 
Sean Couturier           0  2  2   0  0   0  2  0  3  0  19/26  21:36   4:22   4:22 
Tomas Tatar              0  0  0   0  0   3  2  0  2  0  0/0    15:40   3:28   0:08 
Zdeno Chara              0  0  0   0  2   1  0  1  0  2  0/0    15:43   0:00   2:47 

3 Stars

1 - Brandon Saad (StL)
2 - Henrik Lundqvist (StL)
3 - Rick Nash (StL)

Power Play

Panthers - 0 on 5 Attempt(s) - 0.00%
Blues - 2 on 5 Attempt(s) - 40.00%

Penalty Kill

Panthers - 3 on 5 Attempt(s) - 60.00% - Score 0 goal in Penalty Kill
Blues - 5 on 5 Attempt(s) - 100.00% - Score 0 goal in Penalty Kill

Team Stat

Panthers - Hits : 19 - Faceoff Wins : 20 - Blocked Shots : 7 - Penalty Minutes : 10
Blues - Hits : 18 - Faceoff Wins : 27 - Blocked Shots : 7 - Penalty Minutes : 10

Official

Referees : Unknown
Linesman : Unknown

Game Notes

No Game Note

Finance

Level 1 -- Attendance: 5196 (86.60%) -- Ticket Income $431,268
Level 2 -- Attendance: 5000 (100.00%) -- Ticket Income $240,000
Level 3 -- Attendance: 1957 (97.85%) -- Ticket Income $50,882
Level 4 -- Attendance: 4000 (100.00%) -- Ticket Income $56,000
Luxury Box -- Attendance: 1000 (100.00%) -- Ticket Income $170,000
Game was played at the Savis Center.
Total Attendance: 17153 (95.29%)
Total Ticket Income: $948,150
Other Income: $464,594
Total Income: $1,412,744

Panthers

5 vs 5 Forward 
   Center                   Left Wing                Right Wing               Time % Phy DF OF 
 1 Ryan Johansen            Alex Galchenyuk          Nino Niederreiter        35     1   2  2  
 2 Charlie Coyle            Jakob Silfverberg        Brad Boyes               30     1   2  2  
 3 Kevin Hayes              Paul Byron               Alexander Semin          22     1   2  2  
 4 Calle Jarnkrok           Sean Bergenheim          Ryan Johansen            13     1   2  2  

5 vs 5 Defense 
   Defense                  Defense                                           Time % Phy DF OF 
 1 Simon Despres            Ron Hainsey                                       35     1   2  2  
 2 Carlo Colaiacovo         Adam Larsson                                      30     1   2  2  
 3 Lubomir Visnovsky        Robert Bortuzzo                                   22     1   2  2  
 4 Simon Despres            Ron Hainsey                                       13     1   2  2  

PowerPlay Forward 
   Center                   Left Wing                Right Wing               Time % Phy DF OF 
 1 Alexander Semin          Ryan Johansen            Nino Niederreiter        60     1   2  2  
 2 Charlie Coyle            Jakob Silfverberg        Brad Boyes               40     1   2  2  

PowerPlay Defense
   Defense                  Defense                                           Time % Phy DF OF 
 1 Robert Bortuzzo          Ron Hainsey                                       60     1   2  2  
 2 Simon Despres            Lubomir Visnovsky                                 40     1   2  2  

Penalty Kill 4 Players Forward 
   Center                   Wing                     Time % Phy DF OF 
 1 Jakob Silfverberg        Alexander Semin          60     1   2  2  
 2 Nino Niederreiter        Charlie Coyle            40     1   2  2  

Penalty Kill 4 Players Defense
   Defense                  Defense                  Time % Phy DF OF 
 1 Lubomir Visnovsky        Ron Hainsey              60     1   2  2  
 2 Simon Despres            Robert Bortuzzo          40     1   2  2  

Penalty Kill - 3 Players Forward 
   Forward                                           Time % Phy DF OF 
 1 Nino Niederreiter                                 60     1   2  2  
 2 Charlie Coyle                                     40     1   2  2  

Penalty Kill - 3 Players Defense
   Defense                  Defense                  Time % Phy DF OF 
 1 Lubomir Visnovsky        Ron Hainsey              60     1   2  2  
 2 Simon Despres            Robert Bortuzzo          40     1   2  2  

4 vs 4 Forward 
   Center                   Wing                     Time % Phy DF OF 
 1 Paul Byron               Jakob Silfverberg        60     1   2  2  
 2 Nino Niederreiter        Charlie Coyle            40     1   2  2  

4 vs 4 Defense
   Defense                  Defense                  Time % Phy DF OF 
 1 Robert Bortuzzo          Ron Hainsey              60     1   2  2  
 2 Simon Despres            Lubomir Visnovsky        40     1   2  2  

Last Minutes Offensive
   Center                   Left Wing                Right Wing               Defense                  Defense                  
   Ryan Johansen            Alex Galchenyuk          Nino Niederreiter        Simon Despres            Ron Hainsey              

Last Minutes Defensive
   Center                   Left Wing                Right Wing               Defense                  Defense                  
   Ryan Johansen            Alex Galchenyuk          Nino Niederreiter        Simon Despres            Ron Hainsey              

Goaltenders
Starting : Kevin Poulin             
Backup : Robin Lehner             

Extra Forwards
Normal : Alexander Semin, Kevin Hayes, Paul Byron - PP : Alexander Semin, Kevin Hayes - PK : Paul Byron
Extra Defensemen
Normal : Lubomir Visnovsky, Robert Bortuzzo, Ron Hainsey - PP : Lubomir Visnovsky - PK : Robert Bortuzzo, Ron Hainsey
Penalty Shots
Kevin Hayes, Paul Byron, Nino Niederreiter, Charlie Coyle, Jakob Silfverberg

Blues

5 vs 5 Forward 
   Center                   Left Wing                Right Wing               Time % Phy DF OF 
 1 Sean Couturier           Rick Nash                Brandon Saad             32     1   2  2  
 2 Anders Lee               Tomas Tatar              Mark Stone               32     1   2  2  
 3 Artem Anisimov           Johan Franzen            Cam Atkinson             22     1   2  2  
 4 Scott Laughton           Anders Lee               Mark Stone               14     1   2  2  

5 vs 5 Defense 
   Defense                  Defense                                           Time % Phy DF OF 
 1 Zdeno Chara              Kris Letang                                       33     1   3  1  
 2 Josh Gorges              Hampus Lindholm                                   31     1   3  1  
 3 Mark Fayne               Ryan Ellis                                        24     1   3  1  
 4 Kevan Miller             Josh Gorges                                       12     1   3  1  

PowerPlay Forward 
   Center                   Left Wing                Right Wing               Time % Phy DF OF 
 1 Sean Couturier           Rick Nash                Brandon Saad             50     0   2  3  
 2 Anders Lee               Tomas Tatar              Mark Stone               50     0   2  3  

PowerPlay Defense
   Defense                  Defense                                           Time % Phy DF OF 
 1 Anders Lee               Kris Letang                                       50     0   2  3  
 2 Cam Atkinson             Hampus Lindholm                                   50     0   2  3  

Penalty Kill 4 Players Forward 
   Center                   Wing                     Time % Phy DF OF 
 1 Sean Couturier           Rick Nash                50     1   3  1  
 2 Artem Anisimov           Brandon Saad             50     1   3  1  

Penalty Kill 4 Players Defense
   Defense                  Defense                  Time % Phy DF OF 
 1 Zdeno Chara              Kris Letang              50     1   3  1  
 2 Josh Gorges              Hampus Lindholm          50     1   3  1  

Penalty Kill - 3 Players Forward 
   Forward                                           Time % Phy DF OF 
 1 Mark Stone                                        50     1   3  1  
 2 Sean Couturier                                    50     1   3  1  

Penalty Kill - 3 Players Defense
   Defense                  Defense                  Time % Phy DF OF 
 1 Zdeno Chara              Kris Letang              50     1   3  1  
 2 Josh Gorges              Hampus Lindholm          50     1   3  1  

4 vs 4 Forward 
   Center                   Wing                     Time % Phy DF OF 
 1 Artem Anisimov           Mark Stone               50     1   2  2  
 2 Anders Lee               Brandon Saad             50     1   2  2  

4 vs 4 Defense
   Defense                  Defense                  Time % Phy DF OF 
 1 Mark Fayne               Kris Letang              50     1   2  2  
 2 Josh Gorges              Hampus Lindholm          50     1   2  2  

Last Minutes Offensive
   Center                   Left Wing                Right Wing               Defense                  Defense                  
   Sean Couturier           Rick Nash                Brandon Saad             Zdeno Chara              Kris Letang              

Last Minutes Defensive
   Center                   Left Wing                Right Wing               Defense                  Defense                  
   Sean Couturier           Rick Nash                Brandon Saad             Zdeno Chara              Kris Letang              

Goaltenders
Starting : Henrik Lundqvist         
Backup : Frederik Andersen        

Extra Forwards
Normal : Jeremy Morin, Scott Laughton, Johan Franzen - PP : Tomas Tatar, Cam Atkinson - PK : Johan Franzen
Extra Defensemen
Normal : Mark Fayne, Ryan Ellis, Kevan Miller - PP : Mark Fayne - PK : Ryan Ellis, Kevan Miller
Penalty Shots
Rick Nash, Cam Atkinson, Jeremy Morin, Tomas Tatar, Kris Letang

% Time on Ice - Panthers

Lines # - Real PCT - Wanted PCT - Time Play
Normal Forward
1 - 33% - 35% - 13:38
2 - 26% - 30% - 10:53
3 - 21% - 22% - 8:41
4 - 20% - 13% - 8:07
Normal Defense
1 - 30% - 35% - 12:22
2 - 39% - 30% - 16:14
3 - 28% - 22% - 11:26
4 - 3% - 13% - 1:17
PP Forward
1 - 55% - 60% - 5:16
2 - 45% - 40% - 4:20
PP Defense
1 - 51% - 60% - 4:53
2 - 49% - 40% - 4:43
PK Forward
1 - 85% - 60% - 6:38
2 - 15% - 40% - 1:12
PK Defense
1 - 65% - 60% - 5:07
2 - 35% - 40% - 2:43
PK3 Forward
1 - 0% - 60%
2 - 0% - 40%
PK3 Defense
1 - 0% - 60%
2 - 0% - 40%
44 Forward
1 - 100% - 60% - 0:19
2 - 0% - 40% - 0:00
44 Defense
1 - 100% - 60% - 0:19
2 - 0% - 40% - 0:00
Last Minute Offensive  - 0:56
Last Minute Defensive  - 0:00
Total
Forward - 60:00
Defense - 60:00

% Time on Ice - Blues

Lines # - Real PCT - Wanted PCT - Time Play
Normal Forward
1 - 31% - 32% - 12:55
2 - 28% - 32% - 11:37
3 - 28% - 22% - 11:36
4 - 13% - 14% - 5:37
Normal Defense
1 - 30% - 33% - 12:33
2 - 35% - 31% - 14:25
3 - 26% - 24% - 11:01
4 - 9% - 12% - 3:46
PP Forward
1 - 56% - 50% - 4:22
2 - 44% - 50% - 3:28
PP Defense
1 - 57% - 50% - 4:30
2 - 43% - 50% - 3:20
PK Forward
1 - 51% - 50% - 4:52
2 - 49% - 50% - 4:44
PK Defense
1 - 57% - 50% - 5:30
2 - 43% - 50% - 4:06
PK3 Forward
1 - 0% - 50%
2 - 0% - 50%
PK3 Defense
1 - 0% - 50%
2 - 0% - 50%
44 Forward
1 - 0% - 50% - 0:00
2 - 100% - 50% - 0:19
44 Defense
1 - 100% - 50% - 0:19
2 - 0% - 50% - 0:00
Last Minute Offensive  - 0:00
Last Minute Defensive  - 0:30
Total
Forward - 60:00
Defense - 60:00

Play by Play

1st period


0:01 of 1st period - Ryan Johansen wins face-off versus Sean Couturier in neutral zone.
0:26 of 1st period - Wrist shot by Alex Galchenyuk.
0:26 of 1st period - Stopped by Henrik Lundqvist without a rebound.
0:27 of 1st period - Charlie Coyle wins face-off versus Anders Lee in Blues zone.
0:47 of 1st period - Minor Penalty to Anders Lee for Hooking.
0:48 of 1st period - Sean Couturier wins face-off versus Alexander Semin in Blues zone.
1:14 of 1st period - Snap shot by Rick Nash.
1:14 of 1st period - Shot Blocked by Robert Bortuzzo.
1:16 of 1st period - Wrist shot by Rick Nash.
1:16 of 1st period - Deflect By Ryan Johansen.
1:16 of 1st period - Shot Misses the Net.
1:16 of 1st period - Puck is out of play.
1:17 of 1st period - Charlie Coyle wins face-off versus Sean Couturier in Panthers zone.
1:28 of 1st period - Josh Gorges is hit by Simon Despres.
2:08 of 1st period - Hampus Lindholm is hit by Simon Despres and loses puck.
2:28 of 1st period - Robert Bortuzzo is hit by Josh Gorges and loses puck.
2:47 of 1st period - Penalty to Anders Lee is over, Anders Lee is back on ice.
3:21 of 1st period - Icing by Ryan Ellis.
3:22 of 1st period - Calle Jarnkrok wins face-off versus Sean Couturier in Blues zone.
4:08 of 1st period - Wrist shot by Alexander Semin.
4:08 of 1st period - Shot Misses the Net.
4:10 of 1st period - Snap shot by Paul Byron.
4:10 of 1st period - Stopped by Henrik Lundqvist without a rebound.
4:11 of 1st period - Kevin Hayes wins face-off versus Johan Franzen in Blues zone.
4:57 of 1st period - Zdeno Chara is hit by Brad Boyes and loses puck.
5:10 of 1st period - Wrist shot by Mark Stone.
5:10 of 1st period - Shot Misses the Net.
5:12 of 1st period - Slapshot by Hampus Lindholm.
5:12 of 1st period - Shot Blocked by Charlie Coyle.
6:31 of 1st period - Wrist shot by Alexander Semin.
6:31 of 1st period - Shot Misses the Net.
6:33 of 1st period - Slapshot by Simon Despres.
6:33 of 1st period - Stopped by Henrik Lundqvist without a rebound.
6:34 of 1st period - Sean Couturier wins face-off versus Kevin Hayes in Blues zone.
7:11 of 1st period - Anders Lee is hit by Carlo Colaiacovo and loses puck.
9:31 of 1st period - Wrist shot by Jeremy Morin.
9:31 of 1st period - Stopped by Kevin Poulin with a rebound.
9:36 of 1st period - Minor Penalty to Robert Bortuzzo for High sticking.
9:37 of 1st period - Jakob Silfverberg wins face-off versus Sean Couturier in Panthers zone.
10:57 of 1st period - Johan Franzen is hit by Simon Despres and loses puck.
11:16 of 1st period - Minor Penalty to Kris Letang for Hooking.
11:17 of 1st period - Paul Byron wins face-off versus Anders Lee in Blues zone.
11:36 of 1st period - Penalty to Robert Bortuzzo is over, Robert Bortuzzo is back on ice.
12:02 of 1st period - Brandon Saad is hit by Simon Despres.
12:46 of 1st period - Simon Despres is hit by Brandon Saad and loses puck.
13:07 of 1st period - Mark Fayne is hit by Robert Bortuzzo and loses puck.
13:16 of 1st period - Penalty to Kris Letang is over, Kris Letang is back on ice.
13:35 of 1st period - Minor Penalty to Anders Lee for Interference.
13:36 of 1st period - Sean Couturier wins face-off versus Charlie Coyle in Blues zone.
13:49 of 1st period - Slapshot by Charlie Coyle.
13:49 of 1st period - Shot Misses the Net.
14:42 of 1st period - Lubomir Visnovsky is hit by Brandon Saad and loses puck.
15:09 of 1st period - Snap shot by Ryan Johansen.
15:09 of 1st period - Stopped by Henrik Lundqvist with a rebound.
15:11 of 1st period - Slapshot by Ryan Johansen.
15:11 of 1st period - Stopped by Henrik Lundqvist without a rebound.
15:12 of 1st period - Johan Franzen wins face-off versus Alexander Semin in Blues zone.
15:35 of 1st period - Penalty to Anders Lee is over, Anders Lee is back on ice.
15:41 of 1st period - Snap shot by Johan Franzen.
15:41 of 1st period - Shot Misses the Net.
15:43 of 1st period - Slapshot by Kris Letang.
15:43 of 1st period - Stopped by Kevin Poulin with a rebound.
15:45 of 1st period - Wrist shot by Johan Franzen.
15:45 of 1st period - Stopped by Kevin Poulin with a rebound.
15:47 of 1st period - Slapshot by Zdeno Chara.
15:47 of 1st period - Deflect By Simon Despres.
15:47 of 1st period - Stopped by Kevin Poulin with a rebound.
15:56 of 1st period - Icing by Kevan Miller.
15:57 of 1st period - Johan Franzen wins face-off versus Calle Jarnkrok in Blues zone.
16:35 of 1st period - Kevin Hayes is hit by Kevan Miller and loses puck.
17:13 of 1st period - Off-side.
17:14 of 1st period - Ryan Johansen wins face-off versus Anders Lee in neutral zone.
19:05 of 1st period - Adam Larsson is hit by Scott Laughton and loses puck.
19:12 of 1st period - Wrist shot by Mark Stone.
19:12 of 1st period - Shot Misses the Net.
19:14 of 1st period - Slapshot by Ryan Ellis.
19:14 of 1st period - Shot Blocked by Kevin Hayes.
Goals for this period are 0 for Panthers vs 0 for Blues.
Shots for this period are 5 for Panthers vs 4 for Blues.

2nd period


0:01 of 2nd period - Ryan Johansen wins face-off versus Anders Lee in neutral zone.
0:13 of 2nd period - Minor Penalty to Simon Despres for Interference.
0:14 of 2nd period - Sean Couturier wins face-off versus Jakob Silfverberg in Panthers zone.
0:32 of 2nd period - Wrist shot by Rick Nash.
0:32 of 2nd period - Stopped by Kevin Poulin without a rebound.
0:33 of 2nd period - Sean Couturier wins face-off versus Jakob Silfverberg in Panthers zone.
0:54 of 2nd period - Wrist shot by Brandon Saad.
0:54 of 2nd period - Shot Misses the Net.
0:58 of 2nd period - Snap shot by Rick Nash.
0:58 of 2nd period - Goal by Rick Nash - Panthers : 0 - Blues : 1.
0:59 of 2nd period - Ryan Johansen wins face-off versus Anders Lee in neutral zone.
1:26 of 2nd period - Snap shot by Alex Galchenyuk.
1:26 of 2nd period - Shot Blocked by Josh Gorges.
1:28 of 2nd period - Wrist shot by Ryan Johansen.
1:28 of 2nd period - Shot Blocked by Josh Gorges.
1:32 of 2nd period - Slapshot by Ryan Johansen.
1:32 of 2nd period - Shot Blocked by Josh Gorges.
1:34 of 2nd period - Slapshot by Simon Despres.
1:34 of 2nd period - Deflect By Alex Galchenyuk.
1:34 of 2nd period - Shot Blocked by Hampus Lindholm.
1:34 of 2nd period - Puck is out of play.
1:35 of 2nd period - Charlie Coyle wins face-off versus Sean Couturier in Blues zone.
2:02 of 2nd period - Snap shot by Brad Boyes.
2:02 of 2nd period - Shot Misses the Net.
2:24 of 2nd period - Slapshot by Kevin Hayes.
2:24 of 2nd period - Shot Misses the Net.
3:12 of 2nd period - Wrist shot by Johan Franzen.
3:12 of 2nd period - Shot Blocked by Simon Despres.
3:18 of 2nd period - Wrist shot by Cam Atkinson.
3:18 of 2nd period - Stopped by Kevin Poulin with a rebound.
3:37 of 2nd period - Mark Fayne is hit by Simon Despres and loses puck.
3:52 of 2nd period - Slapshot by Tomas Tatar.
3:52 of 2nd period - Shot Misses the Net.
4:44 of 2nd period - Minor Penalty to Josh Gorges for Holding.
4:45 of 2nd period - Sean Couturier wins face-off versus Alexander Semin in Blues zone.
4:56 of 2nd period - Zdeno Chara is hit by Nino Niederreiter and loses puck.
5:03 of 2nd period - Wrist shot by Nino Niederreiter.
5:03 of 2nd period - Shot Misses the Net.
5:44 of 2nd period - Zdeno Chara is hit by Simon Despres and loses puck.
6:20 of 2nd period - Hampus Lindholm is hit by Lubomir Visnovsky and loses puck.
6:31 of 2nd period - Rick Nash is hit by Robert Bortuzzo and loses puck.
6:44 of 2nd period - Penalty to Josh Gorges is over, Josh Gorges is back on ice.
7:00 of 2nd period - Adam Larsson is hit by Mark Stone and loses puck.
7:31 of 2nd period - Wrist shot by Artem Anisimov.
7:31 of 2nd period - Shot Misses the Net.
7:33 of 2nd period - Wrist shot by Johan Franzen.
7:33 of 2nd period - Deflect By Artem Anisimov.
7:33 of 2nd period - Stopped by Kevin Poulin without a rebound.
7:34 of 2nd period - Artem Anisimov wins face-off versus Charlie Coyle in Panthers zone.
7:43 of 2nd period - Snap shot by Johan Franzen.
7:43 of 2nd period - Stopped by Kevin Poulin with a rebound.
7:50 of 2nd period - Off-side.
7:51 of 2nd period - Charlie Coyle wins face-off versus Anders Lee in neutral zone.
8:05 of 2nd period - Slapshot by Tomas Tatar.
8:05 of 2nd period - Stopped by Kevin Poulin with a rebound.
8:07 of 2nd period - Snap shot by Ryan Ellis.
8:07 of 2nd period - Shot Misses the Net.
8:09 of 2nd period - Slapshot by Mark Fayne.
8:09 of 2nd period - Stopped by Kevin Poulin with a rebound.
8:17 of 2nd period - Lubomir Visnovsky is hit by Mark Stone and loses puck.
8:28 of 2nd period - Brad Boyes is hit by Rick Nash and loses puck.
8:35 of 2nd period - Backhand shot by Rick Nash.
8:35 of 2nd period - Shot Misses the Net.
11:21 of 2nd period - Cam Atkinson is hit by Kevin Hayes and loses puck.
12:08 of 2nd period - Snap shot by Alex Galchenyuk.
12:08 of 2nd period - Shot Blocked by Josh Gorges.
12:56 of 2nd period - Slapshot by Johan Franzen.
12:56 of 2nd period - Shot Blocked by Alex Galchenyuk.
13:38 of 2nd period - Ryan Ellis is hit by Ryan Johansen and loses puck.
13:57 of 2nd period - Snap shot by Alexander Semin.
13:57 of 2nd period - Stopped by Henrik Lundqvist without a rebound.
13:58 of 2nd period - Jeremy Morin wins face-off versus Brad Boyes in Blues zone.
13:58 of 2nd period - Jeremy Morin is hit by Lubomir Visnovsky.
14:06 of 2nd period - Paul Byron is hit by Johan Franzen and loses puck.
14:27 of 2nd period - Wrist shot by Anders Lee.
14:27 of 2nd period - Stopped by Kevin Poulin with a rebound.
14:51 of 2nd period - Snap shot by Rick Nash.
14:51 of 2nd period - Stopped by Kevin Poulin without a rebound.
14:52 of 2nd period - Calle Jarnkrok wins face-off versus Sean Couturier in Panthers zone.
15:42 of 2nd period - Artem Anisimov is hit by Ron Hainsey and loses puck.
16:47 of 2nd period - Wrist shot by Alex Galchenyuk.
16:47 of 2nd period - Deflect By Nino Niederreiter.
16:47 of 2nd period - Deflect By Josh Gorges.
16:47 of 2nd period - Stopped by Henrik Lundqvist with a rebound.
16:49 of 2nd period - Slapshot by Nino Niederreiter.
16:49 of 2nd period - Stopped by Henrik Lundqvist with a rebound.
16:51 of 2nd period - Slapshot by Simon Despres.
16:51 of 2nd period - Stopped by Henrik Lundqvist with a rebound.
17:14 of 2nd period - Adam Larsson is hit by Scott Laughton and loses puck.
17:27 of 2nd period - Lubomir Visnovsky is hit by Sean Couturier and loses puck.
17:52 of 2nd period - Snap shot by Paul Byron.
17:52 of 2nd period - Shot Hit the Post.
17:54 of 2nd period - Snap shot by Kevin Hayes.
17:54 of 2nd period - Shot Misses the Net.
17:56 of 2nd period - Slapshot by Lubomir Visnovsky.
17:56 of 2nd period - Deflect By Alexander Semin.
17:56 of 2nd period - Stopped by Henrik Lundqvist without a rebound.
17:57 of 2nd period - Artem Anisimov wins face-off versus Kevin Hayes in Blues zone.
18:02 of 2nd period - Slapshot by Paul Byron.
18:02 of 2nd period - Shot Blocked by Zdeno Chara.
Goals for this period are 0 for Panthers vs 1 for Blues.
Shots for this period are 5 for Panthers vs 9 for Blues.

3rd period


0:01 of 3rd period - Anders Lee wins face-off versus Ryan Johansen in neutral zone.
0:10 of 3rd period - Snap shot by Tomas Tatar.
0:10 of 3rd period - Shot Misses the Net.
0:12 of 3rd period - Snap shot by Hampus Lindholm.
0:12 of 3rd period - Deflect By Mark Stone.
0:12 of 3rd period - Stopped by Kevin Poulin without a rebound.
0:13 of 3rd period - Ryan Johansen wins face-off versus Anders Lee in Panthers zone.
0:34 of 3rd period - Snap shot by Anders Lee.
0:34 of 3rd period - Stopped by Kevin Poulin without a rebound.
0:35 of 3rd period - Sean Couturier wins face-off versus Charlie Coyle in Panthers zone.
0:52 of 3rd period - Snap shot by Brad Boyes.
0:52 of 3rd period - Stopped by Henrik Lundqvist without a rebound.
0:53 of 3rd period - Sean Couturier wins face-off versus Charlie Coyle in Blues zone.
1:02 of 3rd period - Adam Larsson is hit by Sean Couturier and loses puck.
2:39 of 3rd period - Wrist shot by Cam Atkinson.
2:39 of 3rd period - Stopped by Kevin Poulin with a rebound.
2:41 of 3rd period - Slapshot by Mark Fayne.
2:41 of 3rd period - Shot Misses the Net.
2:43 of 3rd period - Wrist shot by Cam Atkinson.
2:43 of 3rd period - Shot Blocked by Simon Despres.
2:52 of 3rd period - Minor Penalty to Simon Despres for Roughing.
2:53 of 3rd period - Sean Couturier wins face-off versus Jakob Silfverberg in Panthers zone.
3:35 of 3rd period - Lubomir Visnovsky is hit by Anders Lee and loses puck.
3:42 of 3rd period - Wrist shot by Mark Stone.
3:42 of 3rd period - Shot Misses the Net.
3:44 of 3rd period - Snap shot by Artem Anisimov.
3:44 of 3rd period - Shot Blocked by Ron Hainsey.
3:46 of 3rd period - Slapshot by Tomas Tatar.
3:46 of 3rd period - Stopped by Kevin Poulin with a rebound.
4:31 of 3rd period - Icing by Sean Couturier.
4:32 of 3rd period - Sean Couturier wins face-off versus Paul Byron in Blues zone.
4:52 of 3rd period - Penalty to Simon Despres is over, Simon Despres is back on ice.
5:11 of 3rd period - Wrist shot by Paul Byron.
5:11 of 3rd period - Shot Misses the Net.
5:17 of 3rd period - Simon Despres is hit by Anders Lee and loses puck.
6:03 of 3rd period - Minor Penalty to Adam Larsson for Interference.
6:04 of 3rd period - Artem Anisimov wins face-off versus Jakob Silfverberg in Panthers zone.
6:24 of 3rd period - Ron Hainsey is hit by Tomas Tatar and loses puck.
6:48 of 3rd period - Snap shot by Brandon Saad.
6:48 of 3rd period - Stopped by Kevin Poulin without a rebound.
6:49 of 3rd period - Jakob Silfverberg wins face-off versus Brandon Saad in Panthers zone.
7:50 of 3rd period - Kris Letang is hit by Ron Hainsey and loses puck.
8:03 of 3rd period - Penalty to Adam Larsson is over, Adam Larsson is back on ice.
9:36 of 3rd period - Snap shot by Kevin Hayes.
9:36 of 3rd period - Shot Misses the Net.
9:38 of 3rd period - Slapshot by Robert Bortuzzo.
9:38 of 3rd period - Shot Blocked by Ryan Ellis.
9:40 of 3rd period - Wrist shot by Kevin Hayes.
9:40 of 3rd period - Shot Misses the Net.
9:42 of 3rd period - Snap shot by Robert Bortuzzo.
9:42 of 3rd period - Goal by Robert Bortuzzo - Panthers : 1 - Blues : 1.
9:43 of 3rd period - Sean Couturier wins face-off versus Ryan Johansen in neutral zone.
9:52 of 3rd period - Wrist shot by Rick Nash.
9:52 of 3rd period - Stopped by Kevin Poulin without a rebound.
9:53 of 3rd period - Sean Couturier wins face-off versus Ryan Johansen in Panthers zone.
10:33 of 3rd period - Wrist shot by Brad Boyes.
10:33 of 3rd period - Stopped by Henrik Lundqvist without a rebound.
10:34 of 3rd period - Anders Lee wins face-off versus Charlie Coyle in Blues zone.
11:18 of 3rd period - Wrist shot by Paul Byron.
11:18 of 3rd period - Stopped by Henrik Lundqvist without a rebound.
11:19 of 3rd period - Sean Couturier wins face-off versus Kevin Hayes in Blues zone.
11:36 of 3rd period - Mark Stone is hit by Ron Hainsey and loses puck.
13:14 of 3rd period - Ron Hainsey is hit by Artem Anisimov and loses puck.
13:30 of 3rd period - Minor Penalty to Zdeno Chara for High sticking.
13:31 of 3rd period - Sean Couturier wins face-off versus Alexander Semin in Blues zone.
13:41 of 3rd period - Wrist shot by Ryan Johansen.
13:41 of 3rd period - Shot Misses the Net.
13:45 of 3rd period - Wrist shot by Nino Niederreiter.
13:45 of 3rd period - Stopped by Henrik Lundqvist without a rebound.
13:46 of 3rd period - Sean Couturier wins face-off versus Alexander Semin in Blues zone.
14:15 of 3rd period - Josh Gorges is hit by Charlie Coyle and loses puck.
14:20 of 3rd period - Slapshot by Brad Boyes.
14:20 of 3rd period - Deflect By Charlie Coyle.
14:20 of 3rd period - Stopped by Henrik Lundqvist with a rebound.
14:22 of 3rd period - Snap shot by Charlie Coyle.
14:22 of 3rd period - Shot Misses the Net.
14:24 of 3rd period - Slapshot by Jakob Silfverberg.
14:24 of 3rd period - Deflect By Charlie Coyle.
14:24 of 3rd period - Stopped by Henrik Lundqvist with a rebound.
14:26 of 3rd period - Slapshot by Simon Despres.
14:26 of 3rd period - Stopped by Henrik Lundqvist without a rebound.
14:27 of 3rd period - Sean Couturier wins face-off versus Alexander Semin in Blues zone.
15:30 of 3rd period - Penalty to Zdeno Chara is over, Zdeno Chara is back on ice.
15:32 of 3rd period - Wrist shot by Brad Boyes.
15:32 of 3rd period - Stopped by Henrik Lundqvist with a rebound.
15:36 of 3rd period - Wrist shot by Brad Boyes.
15:36 of 3rd period - Stopped by Henrik Lundqvist with a rebound.
15:38 of 3rd period - Slapshot by Charlie Coyle.
15:38 of 3rd period - Stopped by Henrik Lundqvist with a rebound.
15:40 of 3rd period - Wrist shot by Brad Boyes.
15:40 of 3rd period - Stopped by Henrik Lundqvist without a rebound.
15:41 of 3rd period - Charlie Coyle wins face-off versus Anders Lee in Blues zone.
16:08 of 3rd period - Wrist shot by Tomas Tatar.
16:08 of 3rd period - Stopped by Kevin Poulin with a rebound.
16:26 of 3rd period - Adam Larsson is hit by Johan Franzen and loses puck.
16:31 of 3rd period - Snap shot by Johan Franzen.
16:31 of 3rd period - Stopped by Kevin Poulin with a rebound.
16:33 of 3rd period - Slapshot by Zdeno Chara.
16:33 of 3rd period - Deflect By Artem Anisimov.
16:33 of 3rd period - Stopped by Kevin Poulin without a rebound.
16:34 of 3rd period - Ryan Johansen wins face-off versus Artem Anisimov in Panthers zone.
16:36 of 3rd period - Minor Penalty to Simon Despres for Holding.
16:37 of 3rd period - Sean Couturier wins face-off versus Jakob Silfverberg in Panthers zone.
17:01 of 3rd period - Snap shot by Brandon Saad.
17:01 of 3rd period - Stopped by Kevin Poulin without a rebound.
17:02 of 3rd period - Jakob Silfverberg wins face-off versus Cam Atkinson in Panthers zone.
17:26 of 3rd period - Icing by Anders Lee.
17:27 of 3rd period - Jakob Silfverberg wins face-off versus Cam Atkinson in Blues zone.
17:45 of 3rd period - Off-side.
17:46 of 3rd period - Sean Couturier wins face-off versus Charlie Coyle in neutral zone.
18:03 of 3rd period - Slapshot by Brandon Saad.
18:03 of 3rd period - Goal by Brandon Saad - Panthers : 1 - Blues : 2.
18:04 of 3rd period - Sean Couturier wins face-off versus Ryan Johansen in neutral zone.
18:56 of 3rd period - Nino Niederreiter is hit by Tomas Tatar.
19:29 of 3rd period - Off-side.
19:30 of 3rd period - Jon Cooper call a timeout for Panthers.
19:30 of 3rd period - Ryan Johansen wins face-off versus Sean Couturier in neutral zone.
19:33 of 3rd period - Panthers, Kevin Poulin is pulled from the net.
Goals for this period are 1 for Panthers vs 1 for Blues.
Shots for this period are 12 for Panthers vs 11 for Blues.